[Event "*** Titled Tuesday Blitz"]
[Site "Chess.com"]
[Date "2019.04.02"]
[Round "1"]
[White "kleinebeer98"]
[Black "Thee-Chessboy"]
[Result "1-0"]
[WhiteElo "2734"]
[BlackElo "2406"]
[TimeControl "180+2"]
[EndTime "14:02:28 PDT"]
[Termination "kleinebeer98 won by resignation"]

1. e4 c5 2. Nf3 d6 3. Nc3 Nf6 4. e5 dxe5 5. Nxe5 a6 6. g3 Qc7 7.
d4 cxd4 8. Qxd4 Nc6 9. Nxc6 Qxc6 10.
Bg5 Qxh1 11. O-O-O Be6 12. Bb5+ axb5 13. Rxh1 h6 14.
Nxb5 1-0

[Event "*** Titled Tuesday Blitz"]
[Site "Chess.com"]
[Date "2019.04.02"]
[Round "1"]
[White "Blitzstream"]
[Black "2165149677570"]
[Result "1-0"]
[WhiteElo "2680"]
[BlackElo "2359"]
[TimeControl "180+2"]
[EndTime "14:02:40 PDT"]
[Termination "Blitzstream won by resignation"]

1. e4 c5 2. Nf3 Nc6 3. d4 cxd4 4. Nxd4 Nf6 5. Nc3 e5 6. Ndb5 d6 7. Nd5 Nxd5 8. exd5 Nb8 9. a4 Be7 10. Be2 O-O 11.
O-O Nd7 12. Be3 a6 13. Na3 Qc7 14. Nc4 a5 15. Na3 Nc5 16. Nb5 Qd8 17. Bxc5 dxc5 18. d6 Bg5 19. Bf3 Ra6 20. Qd5 Bf6 21. Qxc5 Bf5 22.
Bxb7 Rb6 23. Bd5 Bxc2 24. Qxc2 1-0

[Event "*** Titled Tuesday Blitz"]
[Site "Chess.com"]
[Date "2019.04.02"]
[Round "1"]
[White "almaguerjm"]
[Black "FedaMaster"]
[Result "0-1"]
[WhiteElo "2296"]
[BlackElo "2613"]
[TimeControl "180+2"]
[EndTime "14:03:12 PDT"]
[Termination "FedaMaster won by resignation"]

1. d4 Nf6 2. Nf3 g6 3. Bg5 Bg7 4.
Nc3 d5 5. Qd2 Ne4 6. Nxe4 dxe4 7.
Ne5 f6 8. Bh6 Bxh6 9. Qxh6 fxe5 10. Qg7 Rf8 11. O-O-O Qd5 12. dxe5 Qf7 13. Qh6 Nc6 14.
f4 Qxa2 0-1

[Event "*** Titled Tuesday Blitz"]
[Site "Chess.com"]
[Date "2019.04.02"]
[Round "1"]
[White "Elshan1985"]
[Black "scaryninja"]
[Result "1-0"]
[WhiteElo "2777"]
[BlackElo "2444"]
[TimeControl "180+2"]
[EndTime "14:03:13 PDT"]
[Termination "Elshan1985 won by resignation"]

1. d4 d5 2. c4 e6 3. Nc3 Nf6 4.
Nf3 Be7 5. Bf4 O-O 6. a3 b6 7. e3 Bb7 8. cxd5 exd5 9. Bd3 Nbd7 10.
Qc2 c5 11. O-O Rc8 12. Ne5 cxd4 13. Nxd7 Qxd7 14. Bf5 Qd8 15. Bxc8 Qxc8 16. exd4 Qg4 17. Be5 Rc8 18. Qd1 Qg6 19. Re1 Ne4 20. Rc1 Nxc3 21.
Rxc3 Rxc3 22. bxc3 Kf8 23. Qa4 a5 24. Qd7 Qc6 25. Qxc6 Bxc6 26. Bxg7+ Ke8 27. Bf6 1-0

[Event "*** Titled Tuesday Blitz"]
[Site "Chess.com"]
[Date "2019.04.02"]
[Round "1"]
[White "Yurovskykh_Oleksandr"]
[Black "FearNoEvil12"]
[Result "1-0"]
[WhiteElo "2506"]
[BlackElo "2001"]
[TimeControl "180+2"]
[EndTime "14:03:27 PDT"]
[Termination "Yurovskykh_Oleksandr won by resignation"]

1. d4 b5 2. e4 a6 3. Bd3 Bb7 4. Ne2 e6 5. O-O Nf6 6. f3 c5 7. c3 Qb6 8. Be3 Nc6 9. Nd2 d6 10. a4 Be7 11. axb5 axb5 12. Rxa8+ Bxa8 13. Qb3 cxd4 14. Nxd4 O-O 15. Nf5 Qc7 16. Nxe7+ Nxe7 17. Bxb5 d5 18. Bd3 Rb8 19. Qc2 e5 20. Ra1 Qb7 21.
Ra7 1-0

[Event "*** Titled Tuesday Blitz"]
[Site "Chess.com"]
[Date "2019.04.02"]
[Round "1"]
[White "Twiceblessed"]
[Black "MathiasWomacka"]
[Result "1-0"]
[WhiteElo "2574"]
[BlackElo "2242"]
[TimeControl "180+2"]
[EndTime "14:03:58 PDT"]
[Termination "Twiceblessed won by resignation"]

1. d4 Nf6 2. c4 e6 3. Nc3 Bb4 4. e3 O-O 5. Bd3 c5 6. Ne2 d5 7. cxd5 cxd4 8. exd4 Nxd5 9. Bc2 Nc6 10. Qd3 g6 11. h4 e5 12. Bg5 Qd6 13. O-O Bf5 14.
Ne4 Bxe4 15. Qxe4 f5 16. dxe5 Qxe5 17. Qxe5 Nxe5 18. Bb3 1-0

[Event "*** Titled Tuesday Blitz"]
[Site "Chess.com"]
[Date "2019.04.02"]
[Round "1"]
[White "Cayse"]
[Black "sere99"]
[Result "1-0"]
[WhiteElo "2609"]
[BlackElo "2262"]
[TimeControl "180+2"]
[EndTime "14:04:07 PDT"]
[Termination "Cayse won by resignation"]

1. e4 c6 2. d4 d5 3. e5 Bf5 4. Nf3 e6 5. Be2 Nd7 6. O-O Ne7 7. a4 h6 8. a5 c5 9. a6 b6 10. Nc3 Nc6 11. Nb5 cxd4 12. Nfxd4 Nxd4 13. Nxd4 Bh7 14. Bb5 Bc5 15. Qg4 Bg6 16. Nxe6 h5 17. Qh3 Qc8 18.
Nxc5 bxc5 19. e6 1-0

[Event "*** Titled Tuesday Blitz"]
[Site "Chess.com"]
[Date "2019.04.02"]
[Round "1"]
[White "Manukyan_Artak"]
[Black "Jospem"]
[Result "0-1"]
[WhiteElo "2446"]
[BlackElo "2786"]
[TimeControl "180+2"]
[EndTime "14:04:08 PDT"]
[Termination "Jospem won by resignation"]

1. e4 c5 2. Nf3 d6 3. Bb5+ Nd7 4. O-O a6 5. Bd3 Ngf6 6. c3 e6 7. Bc2 b5 8. a4 Bb7 9. Re1 Be7 10. d4 O-O 11. e5 dxe5 12. dxe5 Nd5 13. Qe2 c4 14. h4 Nc5 15. Bg5 Bxg5 16. Nxg5 h6 17. Ne4 Nf4 18. Qf3 Nfd3 19. Bxd3 Nxd3 20. Rd1 Nxe5 21. Qe2 Qxh4 22. Nd6 Ng4 0-1

[Event "*** Titled Tuesday Blitz"]
[Site "Chess.com"]
[Date "2019.04.02"]
[Round "1"]
[White "kuli4ik"]
[Black "nutibara"]
[Result "1-0"]
[WhiteElo "2769"]
[BlackElo "2427"]
[TimeControl "180+2"]
[EndTime "14:04:08 PDT"]
[Termination "kuli4ik won by resignation"]

1. g3 d5 2. Bg2 e5 3. d3 c5 4. Nf3 f6 5. O-O Nc6 6. b3 Be6 7. c4 d4 8. e3 Qd7 9. exd4 cxd4 10.
Re1 Be7 11. a3 a5 12. Ra2 Bd8 13. Rae2 Nge7 14. Bd2 O-O 15. b4 axb4 16. axb4 Rb8 17. b5 Na7 18. Bb4 Rf7 19. Nbd2 Ng6 20. Ne4 b6 21.
Qa1 Be7 22. Bxe7 Rxe7 23. Ra2 Nc8 24. Ra8 Rxa8 25. Qxa8 Re8 26. Qa6 Bh3 27. Bxh3 Qxh3 28. Qb7 Nf4 29. gxf4 Qxf3 30. Nxf6+ 1-0

[Event "*** Titled Tuesday Blitz"]
[Site "Chess.com"]
[Date "2019.04.02"]
[Round "1"]
[White "Mbneu"]
[Black "emperor87"]
[Result "0-1"]
[WhiteElo "2302"]
[BlackElo "2637"]
[TimeControl "180+2"]
[EndTime "14:04:10 PDT"]
[Termination "emperor87 won by resignation"]

1. d4 d5 2. c4 c6 3. Nc3 Nf6 4. Nf3 dxc4 5. e4 b5 6. e5 Nd5 7. Ne4 Bf5 8. Ng3 Bg6 9. e6 fxe6 10.
Ne5 Nd7 11. Nxg6 hxg6 12. Qg4 N7f6 13. Qxg6+ Kd7 14. Be2 Qe8 15. Qb1 g5 16. O-O Nf4 17. Bf3 g4 18. Bxc6+ Kxc6 19. Bxf4 Nd5 20. Be5 Bh6 21.
a4 a6 22. axb5+ axb5 23. Qe4 Rf8 24. Ne2 Qf7 25. Nc3 Rxa1 0-1

[Event "*** Titled Tuesday Blitz"]
[Site "Chess.com"]
[Date "2019.04.02"]
[Round "1"]
[White "SavelijTartakover"]
[Black "peteseeger"]
[Result "1-0"]
[WhiteElo "2548"]
[BlackElo "2198"]
[TimeControl "180+2"]
[EndTime "14:04:18 PDT"]
[Termination "SavelijTartakover won by resignation"]

1. d4 g6 2. c4 Bg7 3. e4 d6 4. Nc3 e5 5. Nge2 Ne7 6. Be3 O-O 7. h4 f5 8. dxe5 dxe5 9. Qxd8 Rxd8 10. Bg5 Rd7 11.
exf5 gxf5 12. Ng3 h6 13. Bxe7 Rxe7 14. O-O-O Re8 15. c5 Be6 16. Nd5 Bxd5 17. Rxd5 Nc6 18. Nxf5 1-0

[Event "*** Titled Tuesday Blitz"]
[Site "Chess.com"]
[Date "2019.04.02"]
[Round "1"]
[White "ShimanovAlex"]
[Black "eldur16"]
[Result "1-0"]
[WhiteElo "2859"]
[BlackElo "2468"]
[TimeControl "180+2"]
[EndTime "14:04:21 PDT"]
[Termination "ShimanovAlex won by resignation"]

1. e4 c5 2. Nc3 Nc6 3. Bb5 g6 4. Bxc6 dxc6 5. d3 Bg7 6. f4 Nf6 7. h3 O-O 8. Nf3 Nd7 9. O-O e5 10. f5 gxf5 11. exf5 f6 12. Ne4 Qe7 13. Be3 b6 14.
Nh2 Kh8 15. Qh5 Qf7 16. Qh4 Rg8 17. Kh1 Ba6 18. b3 Rad8 19. g4 Qe7 20. g5 b5 21. Ng4 c4 1-0

[Event "*** Titled Tuesday Blitz"]
[Site "Chess.com"]
[Date "2019.04.02"]
[Round "1"]
[White "Maitreia"]
[Black "x-6099009240"]
[Result "1-0"]
[WhiteElo "2676"]
[BlackElo "2355"]
[TimeControl "180+2"]
[EndTime "14:04:38 PDT"]
[Termination "Maitreia won by resignation"]

1. c4 c5 2. g3 g6 3. Bg2 Bg7 4. Nc3 Nc6 5. Nf3 e6 6. d4 cxd4 7. Nb5 d5 8. cxd5 Qa5+ 9. Nd2 Qxb5 10. dxc6 bxc6 11. a4 Qa6 12. b4 Rb8 13. Ba3 Ne7 14. O-O Nd5 15. b5 cxb5 16. axb5 Qxb5 17. Rb1 Qxb1 18.
Nxb1 Nb6 19. Nd2 Bd7 20. Ne4 f5 21. Nd6+ Kd8 22. e3 e5 23. exd4 exd4 24. Nf7+ 1-0

[Event "*** Titled Tuesday Blitz"]
[Site "Chess.com"]
[Date "2019.04.02"]
[Round "1"]
[White "MikaelyanArman"]
[Black "Gentlejimmy7"]
[Result "1-0"]
[WhiteElo "2752"]
[BlackElo "2421"]
[TimeControl "180+2"]
[EndTime "14:04:52 PDT"]
[Termination "MikaelyanArman won by checkmate"]

1. e4 e5 2. Nc3 Nf6 3. Nf3 Nc6 4. Be2 Bc5 5. Nxe5 Nxe5 6. d4 Bxd4 7. Qxd4 d6 8. O-O h6 9. f4 Nc6 10. Qf2 O-O 11. Be3 Ng4 12. Bxg4 Bxg4 13. f5 f6 14. Qg3 Bh5 15. Bxh6 Qd7 16. Bd2 Ne5 17. Rf4 g5 18. fxg6 Kg7 19. Raf1 c6 20. Rh4 Bxg6 21. Bh6+ Kf7 22.
Bxf8 Rxf8 23. Rhf4 Kg7 24. h4 Kh6 25. Rxf6 Rxf6 26.
Rxf6 Kh7 27. Qg5 Qe8 28. h5 Bxh5 29. Rh6# 1-0

[Event "*** Titled Tuesday Blitz"]
[Site "Chess.com"]
[Date "2019.04.02"]
[Round "1"]
[White "larajanzelj"]
[Black "ChessQueen"]
[Result "0-1"]
[WhiteElo "2358"]
[BlackElo "2677"]
[TimeControl "180+2"]
[EndTime "14:04:52 PDT"]
[Termination "ChessQueen won on time"]

1. d4 Nf6 2. c4 e6 3. Nf3 c5 4.
d5 b5 5. dxe6 fxe6 6. cxb5 d5 7.
e3 Bd6 8. Nc3 O-O 9. Bd3 a6 10.
O-O axb5 11. Nxb5 Be7 12. a4 Nc6 13. b3 e5 0-1

[Event "*** Titled Tuesday Blitz"]
[Site "Chess.com"]
[Date "2019.04.02"]
[Round "1"]
[White "fu24"]
[Black "XiaoKangZhong"]
[Result "1-0"]
[WhiteElo "2529"]
[BlackElo "2122"]
[TimeControl "180+2"]
[EndTime "14:04:54 PDT"]
[Termination "fu24 won by resignation"]

1. d4 Nf6 2. Bg5 e6 3. e4 Be7 4. Nd2 d5 5. Bxf6 Bxf6 6. e5 Be7 7. c3 c5 8. dxc5 Bxc5 9. b4 Bb6 10. Ngf3 a5 11.
a3 axb4 12. axb4 Bd7 13. Rxa8 O-O 14. Bd3 Qc7 15. Qc2 h6 16. O-O Rc8 17. Rfa1 Qc6 18.
Nb3 Qc7 19. Nbd4 Bxd4 20. cxd4 Qxc2 21. Bxc2 g6 22. h4 Kg7 23. Bd3 Kg8 24. Kf1 Kg7 25.
Ke2 Kg8 26. Kd2 Kg7 27. b5 Be8 28. Rc1 Rd8 29. Rc7 b6 30. Rb7 Nc6 31. Rxd8 Nxd8 32. Rb8 Bxb5 1-0

[Event "*** Titled Tuesday Blitz"]
[Site "Chess.com"]
[Date "2019.04.02"]
[Round "1"]
[White "Zavgorodniy_Serg"]
[Black "Msb2"]
[Result "0-1"]
[WhiteElo "2460"]
[BlackElo "2837"]
[TimeControl "180+2"]
[EndTime "14:04:55 PDT"]
[Termination "Msb2 won by resignation"]

1. e4 e6 2. d4 d5 3. Bd3 dxe4 4. Bxe4 Nf6 5. Bf3 c5 6. c3 cxd4 7. cxd4 Bb4+ 8. Nc3 O-O 9. Ne2 Nc6 10. O-O Ne7 11.
a3 Bd6 12. Ng3 h6 13. Re1 Ned5 14. Nge4 Nxe4 15. Nxe4 b6 16. Nc3 Nxc3 17. bxc3 Rb8 18. Bd2 Bb7 19. a4 Qc7 20. g3 Rfc8 21. Bxb7 Qxb7 22.
Qg4 Kh7 23. Reb1 a6 24. Rb3 Qd5 25. Rab1 b5 26. axb5 Rxb5 27. Qe2 Rxb3 0-1

[Event "*** Titled Tuesday Blitz"]
[Site "Chess.com"]
[Date "2019.04.02"]
[Round "1"]
[White "hansen"]
[Black "Zarikovs1999"]
[Result "1-0"]
[WhiteElo "2807"]
[BlackElo "2453"]
[TimeControl "180+2"]
[EndTime "14:04:55 PDT"]
[Termination "hansen won by resignation"]

1. e4 c5 2. Nf3 d6 3. d4 cxd4 4. Nxd4 Nf6 5. Nc3 a6 6. Be2 e5 7. Nb3 Be6 8. O-O Be7 9. Bf3 Nbd7 10. a4 O-O 11. Re1 Rc8 12. Nd2 Nb6 13. Nf1 Qc7 14. Ne3 Rfd8 15. a5 Nc4 16. Ned5 Bxd5 17. Nxd5 Nxd5 18.
Qxd5 b5 19. axb6 Nxb6 20. Qb3 a5 21. c3 Nc4 22. Ra4 Qc5 23. Qa2 Ra8 24. Qxc4 1-0

[Event "*** Titled Tuesday Blitz"]
[Site "Chess.com"]
[Date "2019.04.02"]
[Round "1"]
[White "KRASAVCHIK2002"]
[Black "VovenRogel"]
[Result "0-1"]
[WhiteElo "2375"]
[BlackElo "2691"]
[TimeControl "180+2"]
[EndTime "14:04:56 PDT"]
[Termination "VovenRogel won by resignation"]

1. e4 c6 2. d4 d5 3. exd5 cxd5 4.
Bd3 Nc6 5. c3 Nf6 6. Ne2 Bg4 7.
f3 Bh5 8. O-O e5 9. dxe5 Nxe5 10. Bc2 Bc5+ 11. Nd4 O-O 12. b3 Re8 13. Bf4 Rc8 14.
Nd2 Bxd4+ 15. cxd4 Nc6 16. Bd3 Qb6 17. Kh1 Qxd4 18.
Qb1 Qxf4 0-1

[Event "*** Titled Tuesday Blitz"]
[Site "Chess.com"]
[Date "2019.04.02"]
[Round "1"]
[White "KarstenHansch"]
[Black "francyIM"]
[Result "1-0"]
[WhiteElo "2418"]
[BlackElo "2590"]
[TimeControl "180+2"]
[EndTime "14:04:56 PDT"]
[Termination "KarstenHansch won by resignation"]

1. e4 e6 2. d4 d5 3. Nc3 Nf6 4. e5 Nfd7 5. f4 c5 6. Nf3 Be7 7. Be3 O-O 8. Qd2 Nc6 9. dxc5 Qa5 10. a3 Bxc5 11. Bd3 f6 12. exf6 Nxf6 13. Bxc5 Qxc5 14. b4 Qb6 15. Na4 Qc7 16. O-O b6 17. Rae1 Bd7 18.
Nc3 Rac8 19. Nb5 Qb8 20. Nbd4 Nxd4 21. Nxd4 Qd6 22. Re2 Rc7 23. Rfe1 Ne4 24. Bxe4 dxe4 25. Rxe4 Rfc8 26. Qe3 Rc3 27. Qe2 Rxa3 28. Nxe6 Bxe6 29. Rxe6 Qxf4 30. Re8+ Rxe8 31. Qxe8+ Qf8 32. Qd7 h6 33. h3 Qxb4 34. Re8+ Kh7 35. Qf5+ 1-0

[Event "*** Titled Tuesday Blitz"]
[Site "Chess.com"]
[Date "2019.04.02"]
[Round "1"]
[White "NM2019"]
[Black "vladimirdamjanovic"]
[Result "0-1"]
[WhiteElo "2164"]
[BlackElo "2537"]
[TimeControl "180+2"]
[EndTime "14:05:01 PDT"]
[Termination "vladimirdamjanovic won by resignation"]

1. c4 g6 2. Nf3 Bg7 3. g3 c5 4. Bg2 Nc6 5. O-O Nf6 6. Nc3 O-O 7. d4 cxd4 8. Nxd4 d5 9. cxd5 Nxd5 10.
Nxc6 bxc6 11. Nxd5 cxd5 12. Qxd5 Rb8 13. Qxd8 Rxd8 14. Rb1 Bf5 15. e4 Be6 16. b3 Bc4 17. Re1 Bd3 18. Bf4 e5 19. Bg5 Bxb1 20. Bxd8 Bxa2 21.
Bc7 Rxb3 22. Rd1 Rb1 23. Rxb1 Bxb1 24. Ba5 Bf8 25. Kf1 Bc5 26. Ke2 Bb6 27. Bc3 f6 28.
f4 Bd4 29. Bb4 Kf7 30. Bh3 Bxe4 31. fxe5 fxe5 32. Bc8 Bb6 33. Ba6 Ke6 34. h4 h5 35.
Bc4+ Bd5 36. Bd3 e4 37. Ba6 Kf5 38. Bc8+ Be6 39. Bb7 a5 40. Bd2 a4 41. Be3 Bxe3 42. Kxe3 a3 43. Bxe4+ Kg4 0-1

[Event "*** Titled Tuesday Blitz"]
[Site "Chess.com"]
[Date "2019.04.02"]
[Round "1"]
[White "WanderingPuppet"]
[Black "KhalilMousavi77"]
[Result "0-1"]
[WhiteElo "2399"]
[BlackElo "2724"]
[TimeControl "180+2"]
[EndTime "14:05:26 PDT"]
[Termination "KhalilMousavi77 won by resignation"]

1. e4 e6 2. d4 d5 3. Nc3 Bb4 4. e5 c5 5. a3 Bxc3+ 6. bxc3 Ne7 7. Qg4 Qc7 8. Qxg7 Rg8 9. Qxh7 cxd4 10. Ne2 Nbc6 11. f4 dxc3 12. Qd3 Bd7 13. Qxc3 Nf5 14. Rg1 Qd8 15. Kd1 Rc8 16. Qd3 Na5 17. g4 Qb6 18.
Bd2 Bb5 19. Bxa5 Qxa5 20. Qd2 Qb6 21. Rb1 Ne3+ 22. Kc1 Rxc2+ 23. Qxc2 Nxc2 24. Kxc2 Bd3+ 0-1

[Event "*** Titled Tuesday Blitz"]
[Site "Chess.com"]
[Date "2019.04.02"]
[Round "1"]
[White "Jenia84"]
[Black "Fighterman91"]
[Result "0-1"]
[WhiteElo "2252"]
[BlackElo "2580"]
[TimeControl "180+2"]
[EndTime "14:05:29 PDT"]
[Termination "Fighterman91 won by resignation"]

1. e4 c5 2. Nf3 d6 3. d4 cxd4 4.
Nxd4 Nf6 5. Nc3 a6 6. a4 g6 7. Be2 Bg7 8. O-O O-O 9. Be3 Nc6 10. f4 Bd7 11. Kh1 Rc8 12. Bf3 Nxd4 13. Bxd4 Bc6 14. e5 dxe5 15. Bxe5 Qa5 16. Bxc6 Rxc6 17. Qf3 Qb4 18.
Rad1 h5 19. b3 Rfc8 20. Bxf6 Bxf6 21. Nd5 Qc5 22. Nxf6+ Rxf6 23. c4 Qc6 24. Qxc6 Rcxc6 25. Rd7 Rb6 26. Rf3 Rfd6 27. h4 Rxd7 0-1

[Event "*** Titled Tuesday Blitz"]
[Site "Chess.com"]
[Date "2019.04.02"]
[Round "1"]
[White "GelmanAlexander"]
[Black "MrChessSponge"]
[Result "1-0"]
[WhiteElo "2572"]
[BlackElo "2239"]
[TimeControl "180+2"]
[EndTime "14:05:32 PDT"]
[Termination "GelmanAlexander won by resignation"]

1. d4 Nf6 2. Nc3 d5 3. Bf4 a6 4. e3 c5 5. Nf3 Nc6 6. Ne5 Bf5 7.
g4 Bg6 8. h4 h5 9. g5 Nd7 10.
Nxg6 fxg6 11. Qd3 Kf7 12. Bg2 e6 13. Nxd5 exd5 14. Bxd5+ Ke7 15. Qxg6 Qe8 16. Bd6+ Kd8 17. Bf7 Qxf7 18. Qxf7 Bxd6 19. dxc5 Nce5 20. Qxg7 1-0

[Event "*** Titled Tuesday Blitz"]
[Site "Chess.com"]
[Date "2019.04.02"]
[Round "1"]
[White "Kawhi_Leonard2"]
[Black "scrapnel"]
[Result "0-1"]
[WhiteElo "2198"]
[BlackElo "2548"]
[TimeControl "180+2"]
[EndTime "14:05:39 PDT"]
[Termination "scrapnel won by resignation"]

1. e4 c5 2. Nf3 Nc6 3. d4 cxd4 4. Nxd4 Nf6 5. Nc3 e5 6. Ndb5 d6 7. Bg5 a6 8. Na3 b5 9. Nd5 Be7 10. Bxf6 Bxf6 11. c3 Bg5 12. Nc2 Rb8 13. Be2 O-O 14. O-O Ne7 15. Ncb4 Bb7 16. a4 a5 17. Nxe7+ Bxe7 18.
Nd5 bxa4 19. Ra2 Bc6 20. Qd2 Bg5 21. Qd3 Qd7 22. Rd1 Qb7 23. Qg3 h6 24. Bc4 Rfc8 25. h4 Bd8 26. Kh2 Bd7 27. f4 Rxc4 0-1

[Event "*** Titled Tuesday Blitz"]
[Site "Chess.com"]
[Date "2019.04.02"]
[Round "1"]
[White "1random"]
[Black "LaughingTiger"]
[Result "1-0"]
[WhiteElo "2535"]
[BlackElo "2160"]
[TimeControl "180+2"]
[EndTime "14:05:40 PDT"]
[Termination "1random won by resignation"]

1. Nf3 Nf6 2. c4 g6 3. e3 Bg7 4. d4 O-O 5. Nc3 d5 6. cxd5 Nxd5 7. Bc4 Nxc3 8. bxc3 c5 9. O-O Qa5 10. Qb3 Nc6 11. Ba3 cxd4 12. cxd4 Qc7 13. Rfc1 Bg4 14. Ng5 e6 15. Bxf8 Rxf8 16. h3 h6 17. Nxe6 Bxe6 18. Bxe6 fxe6 19. Qxe6+ Qf7 20. Qxf7+ Kxf7 21. Rab1 Na5 22.
Rc5 b6 23. Rc7+ Kg8 24. Rxa7 Nc4 25. Rc7 Nd2 26. Rxb6 Kh7 27. Rbb7 Rg8 28. a4 Kh8 29. a5 Ne4 30. a6 Nd6 31. a7 Nxb7 32. Rxb7 Ra8 33.
Rb8+ 1-0

[Event "*** Titled Tuesday Blitz"]
[Site "Chess.com"]
[Date "2019.04.02"]
[Round "1"]
[White "Genghis_K"]
[Black "Mostii"]
[Result "1-0"]
[WhiteElo "2855"]
[BlackElo "2466"]
[TimeControl "180+2"]
[EndTime "14:05:50 PDT"]
[Termination "Genghis_K won by resignation"]

1. d4 e6 2. Nf3 b6 3. Bf4 Bb7 4. e3 Nf6 5. Nbd2 d5 6. Bd3 Bd6 7.
O-O Bxf4 8. exf4 Nbd7 9. f5 O-O 10.
fxe6 fxe6 11. Re1 Re8 12. c3 c5 13. Nf1 Qc7 14. Ng3 e5 15. dxe5 Nxe5 16. Nxe5 Rxe5 17.
Rxe5 Qxe5 18. Qd2 Re8 19. h3 d4 20. cxd4 Qxd4 21. Nf5 Qd5 22. Ne3 Rxe3 23. fxe3 c4 24. Bxc4 Qxc4 25. Rc1 Qe4 26. Qd8+ Kf7 27. Qc7+ Kg6 28.
Qg3+ Kh6 29. Rc7 Nh5 30. Qd6+ Nf6 31. Qf4+ Kg6 32. Qg3+ Kh6 33. Qxg7+ 1-0

[Event "*** Titled Tuesday Blitz"]
[Site "Chess.com"]
[Date "2019.04.02"]
[Round "1"]
[White "melicg25"]
[Black "Witik"]
[Result "0-1"]
[WhiteElo "2308"]
[BlackElo "2624"]
[TimeControl "180+2"]
[EndTime "14:05:52 PDT"]
[Termination "Witik won by checkmate"]

1. e4 c6 2. d4 d5 3. Nc3 dxe4 4.
Nxe4 Bf5 5. Ng3 Bg6 6. h4 h6 7. Nh3 e6 8. Nf4 Bh7 9. Bc4 Nf6 10. O-O Bd6 11. c3 O-O 12. Re1 Re8 13. Ngh5 Nbd7 14. g3 e5 15. Nxf6+ Qxf6 16. Nh5 Qf5 17. g4 Qg6 18.
Ng3 exd4 19. cxd4 Rxe1+ 20. Qxe1 Qxg4 21. Qc3 Nf6 22. Qe3 Re8 23. Qb3 Re1+ 24. Kg2 Be4+ 25. f3 Qxg3# 0-1

[Event "*** Titled Tuesday Blitz"]
[Site "Chess.com"]
[Date "2019.04.02"]
[Round "1"]
[White "Fy_Rakotomaharo"]
[Black "Satscho"]
[Result "1-0"]
[WhiteElo "2620"]
[BlackElo "2306"]
[TimeControl "180+2"]
[EndTime "14:05:52 PDT"]
[Termination "Fy_Rakotomaharo won by checkmate"]

1. d4 Nf6 2. c4 g6 3. Nc3 Bg7 4.
e4 d6 5. Be2 O-O 6. Bg5 h6 7. Be3 c5 8. dxc5 dxc5 9. Bxc5 Qc7 10. Be3 Nc6 11. Nf3 Bg4 12. Nd2 Bxe2 13. Qxe2 e6 14. O-O Rfd8 15. Rac1 Nd7 16. Nb3 Nce5 17. f4 Nc6 18. Nb5 Qb8 19. e5 a6 20.
Nd6 Bf8 21. c5 Nb4 22. Bd4 Nd5 23. Qe4 Qc7 24. f5 gxf5 25. Rxf5 Bxd6 26. exd6 Qc6 27. Qg4+ Kf8 28. Qg7+ Ke8 29. Qxf7# 1-0

[Event "*** Titled Tuesday Blitz"]
[Site "Chess.com"]
[Date "2019.04.02"]
[Round "1"]
[White "VitaliyBernadskiy"]
[Black "lucasran"]
[Result "1-0"]
[WhiteElo "2709"]
[BlackElo "2393"]
[TimeControl "180+2"]
[EndTime "14:05:53 PDT"]
[Termination "VitaliyBernadskiy won by checkmate"]

1. e4 c6 2. d4 d5 3. e5 Bf5 4. h4 h5 5. Bd3 Bxd3 6. Qxd3 e6 7. Bg5 Be7 8. Nf3 Nh6 9. Nbd2 Nf5 10. c4 Nd7 11. Rc1 dxc4 12. Nxc4 Nb6 13. Ne3 Nxe3 14. fxe3 Bb4+ 15. Kf2 Be7 16. Rhf1 Nd5 17. Kg1 g6 18. e4 Nc7 19. Rf2 O-O 20. Bxe7 Qxe7 21. Ng5 Rad8 22. Rcf1 Qb4 23. Nxf7 Rxd4 24. Nh6+ Kg7 25. Rxf8 Rxd3 26. R1f7+ Kxh6 27. Rh8# 1-0

[Event "*** Titled Tuesday Blitz"]
[Site "Chess.com"]
[Date "2019.04.02"]
[Round "1"]
[White "Off-War"]
[Black "MaxLeto"]
[Result "1-0"]
[WhiteElo "2619"]
[BlackElo "2302"]
[TimeControl "180+2"]
[EndTime "14:05:53 PDT"]
[Termination "Off-War won by checkmate"]

1. e4 c5 2. Nf3 d6 3. d4 cxd4 4. Nxd4 Nf6 5. Nc3 a6 6. Nb3 e6 7. g4 Be7 8. g5 Nfd7 9. h4 b5 10. Bg2 Bb7 11. Be3 Ne5 12. Qe2 Nc4 13. O-O-O Nd7 14.
Bd4 O-O 15. f4 Rc8 16. h5 e5 17. Bf2 exf4 18. g6 fxg6 19. hxg6 h6 20. Bh3 Bg5 21.
Be6+ Kh8 22. Qh5 Nde5 23. Rdg1 Be7 24. Nd4 Qa5 25. Qxh6+ gxh6 26. Rxh6+ Kg7 27. Rh7+ Kf6 28. Bh4# 1-0

[Event "*** Titled Tuesday Blitz"]
[Site "Chess.com"]
[Date "2019.04.02"]
[Round "1"]
[White "talento10"]
[Black "grzechu96"]
[Result "0-1"]
[WhiteElo "2175"]
[BlackElo "2543"]
[TimeControl "180+2"]
[EndTime "14:05:56 PDT"]
[Termination "grzechu96 won by resignation"]

1. e4 c5 2. Nf3 d6 3. d4 cxd4 4.
Nxd4 a6 5. Nc3 e6 6. f3 Nf6 7. Bg5 Be7 8. h4 h6 9. Be3 b5 10. Qd2 Bb7 11. O-O-O Nbd7 12. Kb1 Rc8 13. Nce2 d5 14.
Nf4 Nc5 15. exd5 Nxd5 16. Nxd5 Bxd5 17. g3 Na4 18. Be2 O-O 19. g4 Qd6 20. h5 Nxb2 21. Nb3 Nxd1 22. Rxd1 Bxb3 23. Qxd6 Bxc2+ 24. Kb2 Bxd6 25. Rxd6 Ba4 26. Rxa6 Rc2+ 27. Ka3 Rxe2 0-1

[Event "*** Titled Tuesday Blitz"]
[Site "Chess.com"]
[Date "2019.04.02"]
[Round "1"]
[White "lachesisQ"]
[Black "StoreySniper"]
[Result "1-0"]
[WhiteElo "3033"]
[BlackElo "2499"]
[TimeControl "180+2"]
[EndTime "14:05:58 PDT"]
[Termination "lachesisQ won by resignation"]

1. e4 g6 2. d4 Bg7 3. Nc3 c5 4. dxc5 Bxc3+ 5. bxc3 Nf6 6. e5 Ne4 7. Bd3 Nxc5 8. Nf3 Nc6 9. O-O O-O 10. Re1 b6 11.
Bh6 Re8 12. h4 Nxd3 13. cxd3 d6 14. d4 Bg4 15. e6 fxe6 16. Qd3 Qd7 17. Ng5 Bf5 18.
Qc4 Na5 19. Qe2 Rac8 20. g4 Rxc3 21. gxf5 exf5 22. d5 Rc4 23. Qb2 Rg4+ 24. Kf1 e5 25. dxe6 Qb7 26. f3 Rxh4 27. Qf6 Rc8 28. Qf7+ Qxf7 29. exf7+ Kh8 30. Re8+ 1-0

[Event "*** Titled Tuesday Blitz"]
[Site "Chess.com"]
[Date "2019.04.02"]
[Round "1"]
[White "MasterKroket"]
[Black "area_5"]
[Result "0-1"]
[WhiteElo "2382"]
[BlackElo "2696"]
[TimeControl "180+2"]
[EndTime "14:06:03 PDT"]
[Termination "area_5 won by resignation"]

1. d4 g6 2. c4 Bg7 3. Nf3 d6 4. Nc3 Bg4 5. Bg5 h6 6. Bh4 Nf6 7. e3 Nbd7 8. h3 Bf5 9. Bd3 Bxd3 10. Qxd3 c5 11. O-O O-O 12. a3 Rc8 13. Rac1 Nh5 14. g4 Nhf6 15. Bg3 a6 16. Rfd1 Qc7 17. Nd5 Nxd5 18. cxd5 Qb6 19. Nd2 cxd4 20. Nc4 Qb5 21. b4 Qxd5 22. e4 Qb5 23. f4 Nb6 24. Nb2 Qxd3 25. Nxd3 Na4 26. e5 dxe5 27. Nxe5 Bxe5 28. fxe5 Nc3 0-1